AoeStats
← CC呀是白日梦想家

Arena

508731728Analyzed
4v4 RM · 8d ago on Sep 23, 2026· 39m 35s· 8 players
Game mode
Random Map
Map size
Large (8 player)
Population
200
Speed
Normal
Resources
Standard
Victory
Conquest
Starting age
Dark Age
Ending age
Imperial Age
RankedLock teamsTeams togetherTeam positionsShared explorationLock speedFull tech treeHidden civsTurbo modeCheats
Victory
Defeat
🇺🇸 Mongols · United States
1542
+12
🇲🇽 Persians · Mexico
1470
+15
🇨🇳 Franks · China
1455
+16
🇹🇷 Danes · Türkiye
1444
+16
🇦🇱 Teutons · Albania
1489
-16
🇦🇱 Malians · Albania
1463
-15
1436
-14
🇩🇪 Danes · Germany
1435
-14
[GDL]Cucumber
8:56 Feudal Age
9:07 Feudal Age
15:23 Castle Age
18:05 Double-Bit Axe
18:08 Horse Collar
20:10 Wheelbarrow
20:28 Scale Barding Armor
21:54 Loom
23:15 Forging
23:50 Chain Barding Armor
25:04 Town Watch
25:32 Heavy Plow
25:45 Bow Saw
26:45 Iron Casting
26:32 Hand Cart
27:02 Bloodlines
26:53 Husbandry
30:12 Imperial Age
29:16 Gold Mining
31:06 Gold Shaft Mining
31:35 Two-Man Saw
31:08 Crop Rotation
30:01 Cavalier
31:35 Plate Barding Armor
32:34 Blast Furnace
32:40 Fletching
34:43 Savar
CC呀是白日梦想家
10:02 Feudal Age
11:33 Double-Bit Axe
11:57 Horse Collar
14:40 Castle Age
15:39 Bow Saw
16:08 Wheelbarrow
16:28 Heavy Plow
18:18 Loom
18:48 Town Watch
24:54 Gold Mining
26:13 Hand Cart
31:40 Imperial Age
29:16 Fletching
29:58 Stone Mining
30:44 Gold Shaft Mining
30:46 Bodkin Arrow
31:44 Padded Archer Armor
32:17 Bloodlines
32:07 Husbandry
32:42 Ballistics
32:46 Conscription
32:45 Bracer
33:00 Leather Archer Armor
33:14 Parthian Tactics
34:29 Chemistry
34:01 Thumb Ring
36:22 Stone Shaft Mining
36:02 Elite Mangudai
37:50 Hoardings
Kr4mer
9:57 Feudal Age
14:22 Castle Age
12:24 Double-Bit Axe
14:56 Horse Collar
15:27 Bow Saw
16:07 Heavy Plow
19:11 Fervor
22:26 Sanctity
22:02 Gold Mining
22:15 Stone Mining
23:20 Redemption
28:13 Wheelbarrow
27:24 Loom
27:25 Town Watch
31:23 Imperial Age
30:17 Squires
30:48 Scale Mail Armor
30:59 Forging
30:57 Hamask
32:36 Chain Mail Armor
32:58 Iron Casting
33:45 Conscription
34:00 Plate Mail Armor
34:39 Blast Furnace
37:00 Pikeman
37:26 Arson
柠檬头的喜悦
10:02 Feudal Age
13:44 Castle Age
11:44 Double-Bit Axe
15:24 Bow Saw
18:40 Wheelbarrow
20:48 Husbandry
21:25 Gold Mining
25:05 Gold Shaft Mining
26:29 Hand Cart
28:51 Imperial Age
26:37 Loom
26:38 Town Watch
27:00 Scale Barding Armor
27:06 Forging
28:06 Chain Barding Armor
30:04 Iron Casting
28:54 Cavalier
30:11 Plate Barding Armor
31:55 Blast Furnace
30:16 Paladin
33:54 Conscription
36:16 Chivalry
Smiling Cat | 웃는 고양이
10:13 Feudal Age
13:47 Castle Age
12:32 Double-Bit Axe
17:18 Fletching
22:54 Horse Collar
24:05 Bow Saw
24:06 Loom
24:34 Heavy Plow
31:12 Imperial Age
28:58 Gold Mining
29:49 Wheelbarrow
30:06 Bodkin Arrow
30:11 Padded Archer Armor
30:17 Padded Archer Armor
31:45 Ballistics
31:59 Leather Archer Armor
32:00 Bracer
34:13 Chemistry
35:22 Elite Chu Ko Nu
37:04 Leather Archer Armor
RandomBlobfish
9:55 Feudal Age
13:36 Castle Age
11:29 Double-Bit Axe
12:32 Horse Collar
14:44 Bow Saw
21:24 Wheelbarrow
21:46 Heavy Plow
22:42 Stone Mining
23:03 Loom
24:43 Hand Cart
31:05 Imperial Age
28:41 Scale Mail Armor
28:52 Forging
28:55 Town Watch
29:47 Squires
30:08 Chain Mail Armor
31:26 Iron Casting
31:21 Gold Mining
32:09 Conscription
32:21 Plate Mail Armor
33:27 Blast Furnace
33:44 Elite Jomsviking
34:44 Fletching
36:05 Gold Shaft Mining
35:20 Hamask
35:56 Pikeman
36:35 Bodkin Arrow
Pyrro
10:48 Feudal Age
15:06 Castle Age
12:53 Loom
13:47 Horse Collar
15:26 Scale Barding Armor
15:41 Double-Bit Axe
19:17 Wheelbarrow
19:58 Heavy Plow
20:37 Bloodlines
22:46 Town Watch
27:04 Bloodlines
29:52 Imperial Age
28:06 Chain Barding Armor
27:57 Forging
27:38 Gold Mining
28:01 Bow Saw
29:28 Hand Cart
30:04 Cavalier
30:47 Scale Mail Armor
31:24 Plate Barding Armor
32:35 Iron Casting
33:09 Paladin
33:50 Capped Ram
39:34 Caravan
Necromancer
10:40 Feudal Age
15:06 Castle Age
14:05 Double-Bit Axe
14:30 Horse Collar
15:06 Loom
17:58 Bow Saw
17:50 Gold Mining
19:19 Squires
22:20 Heavy Plow
25:12 Wheelbarrow
29:01 Imperial Age
27:00 Fletching
27:10 Scale Mail Armor
27:21 Forging
27:43 Town Watch
28:40 Chain Mail Armor
28:35 Forging
30:00 Gold Shaft Mining
30:07 Conscription
32:22 Plate Mail Armor
32:27 Iron Casting
34:13 Stone Mining
35:34 Iron Casting
35:48 Hand Cart
34:55 Man-at-Arms
34:59 Pikeman
36:04 Masonry
38:41 Arson
38:55 Bodkin Arrow
39:00 Padded Archer Armor
39:06 Scale Barding Armor
Connection lost

Rejoining the realm…

Still unreachable

The connection could not be restored.

Session expired

The server has moved on; the page needs a fresh start.